 Dungeon Crawl Stone Soup version 0.29.1-2-gbd0b4ee654 (webtiles) character file.

Game seed: 18073179977459100248

1407 Ivernyr the Magician (level 8, -11/73 HPs)
             Began as a Naga Ice Elementalist on Nov 1, 2022.
             Mangled by a two-headed ogre
             ... wielding a +0 giant club
              (34 damage)
             ... on level 6 of the Dungeon.
             The game lasted 00:16:29 (6189 turns).

Ivernyr the Magician (Naga Ice Elementalist)        Turns: 6189, Time: 00:16:29

Health: -11/73     AC: 10    Str: 11    XL:     8   Next: 70%
Magic:  5/17       EV: 11    Int: 17    God:
Gold:   300        SH:  0    Dex: 12    Spells: 8/19 levels left

rFire   . . .      SeeInvis +   n - +4 broad axe
rCold   . . .      Faith    .   (no shield)
rNeg    . . .      Spirit   .   a - +0 robe
rPois   +          Reflect  .   (no helmet)
rElec   .          Harm     .   (no cloak)
rCorr   .          Rampage  .   (no gloves)
Will    +....                   (no barding)
Stlth   ++........              (no amulet)
HPRegen 0.22/turn               (no ring)
MPRegen 0.15/turn               (no ring)

@: ice-armoured, freezing walls, very slightly contaminated, very slow
A: AC +2, large, see invisible, deformed body, poison resistance, slowness 2,
spit poison 1, naga tail 1
a: Spit Poison


You were on level 6 of the Dungeon.
You visited 1 branch of the dungeon, and saw 6 of its levels.

You collected 300 gold pieces.

Inventory:

Hand Weapons
 n - a +4 broad axe (weapon)
Missiles
 g - a throwing net
Armour
 a - a +0 robe (worn)
Wands
 t - a wand of digging (4)
Scrolls
 c - a scroll of enchant armour {unknown}
 d - 7 scrolls of identify {unknown}
 e - 4 scrolls of fog {unknown}
 f - a scroll of immolation {unknown}
 m - 5 scrolls of teleportation {unknown}
 o - a scroll of magic mapping {unknown}
 p - a scroll of summoning {unknown}
 q - a scroll of noise {unknown}
 s - 2 scrolls of enchant weapon {unknown}
Potions
 b - a potion of magic
 h - 3 potions of curing {unknown}
 i - a potion of mutation {unknown}
 j - 4 potions of lignification {unknown}
 k - a potion of berserk rage {unknown}
 l - 4 potions of brilliance {unknown}
 r - a potion of might {unknown}
 u - a potion of resistance {unknown}
 v - a potion of degeneration {unknown}


   Skills:
 + Level 4.3 Fighting
 + Level 4.0 Dodging
 - Level 3.0 Stealth
 * Level 6.3 Spellcasting
 + Level 6.1 Ice Magic


You had 8 spell levels left.
You knew the following spells:

 Your Spells              Type           Power      Damage    Failure   Level
a - Freeze                Ice            100%       1d11      1%          1
b - Frozen Ramparts       Ice            52%        1d8       3%          3
c - Ozocubu's Armour      Ice            26%        N/A       3%          3
d - Hailstorm             Conj/Ice       15%        3d5       34%         4

Your spell library contained the following spells:

 Spells                   Type           Power      Damage    Failure   Level
 Portal Projectile        Hex/Tloc       10%        N/A       36%         3
 Tukima's Dance           Hex            5%         N/A       36%         3
 Blade Hands              Tmut           2%         N/A       98%         5


Dungeon Overview and Level Annotations

Branches:
Dungeon (6/15)             Temple (0/1) D:4

Altars:
Fedhas
Okawaru
Ru
Trog
Uskayaw
Wu Jian
The Shining One

Shops:
D:2 ?*


Innate Abilities, Weirdness & Mutations

Your serpentine skin is tough. (AC +2)
You have supernaturally acute eyesight. (SInv)
Armour fits poorly on your strangely shaped body.
Your system is resistant to poisons. (rPois)
You cover ground very slowly.
You can spit poison.
You have a snake-like lower body.


Message History

Nothing appears to happen.
Casting: Frozen Ramparts (dangerous; 3% risk of failure)
Confirm with . or Enter, or press ? or * to list all spells.
Casting: Frozen Ramparts (dangerous; 3% risk of failure)
Press: ? - help, Dir - look around, f - activate The walls around you are covered in ice.
The wall freezes the two-headed ogre.
Casting: Frozen Ramparts (dangerous; 3% risk of failure)
Confirm with . or Enter, or press ? or * to list all spells.
A film of ice covers your body!
The wall freezes the two-headed ogre but does no damage.
The two-headed ogre hits you with a +0 giant club!
The two-headed ogre barely misses you.
Casting: Ozocubu's Armour (dangerous; 3% risk of failure)
Confirm with . or Enter, or press ? or * to list all spells.
Aiming: Freeze (safe; 1% risk of failure)
Press: ? - help, Shift-Dir - straight line, f - two-headed ogre
Aim: a two-headed ogre, wielding a +0 giant club and a +0 giant spiked club (lightly wounded)
You freeze the two-headed ogre!
The two-headed ogre is lightly wounded.
Casting: Freeze (safe; 1% risk of failure)
Confirm with . or Enter, or press ? or * to list all spells.
Aiming: Freeze (safe; 1% risk of failure)
Press: ? - help, Shift-Dir - straight line, f/p - two-headed ogre
Aim: a two-headed ogre, wielding a +0 giant club and a +0 giant spiked club (lightly wounded)
You freeze the two-headed ogre!
The two-headed ogre is moderately wounded.
The wall freezes the two-headed ogre.
The two-headed ogre hits you with a +0 giant club!
The two-headed ogre hits you with a +0 giant spiked club!!
Casting: Freeze (safe; 1% risk of failure)
Confirm with . or Enter, or press ? or * to list all spells.
Aiming: Freeze (safe; 1% risk of failure)
Press: ? - help, Shift-Dir - straight line, f/p - two-headed ogre
Aim: a two-headed ogre, wielding a +0 giant club and a +0 giant spiked club (moderately wounded)
You freeze the two-headed ogre!
The two-headed ogre is heavily wounded.
The wall freezes the two-headed ogre but does no damage.
The two-headed ogre hits you with a +0 giant club!!
You die...

#.#.##....†..#.#..#.##.#
#........###.#.........#
###.####.###.#.#.##.####
###.#.####...#.#.#.##.#
#......##....._..#.##.##
#.#.##.##...†#.###.....##
#.#..#.##......#<.......>.
#.##.#.##......#.####.....
#.##.#.##.....##@# .....
#......##.....##O# .###
####.####.....##.# # #.#
########.# #.# ... #.# ##.
#.. . ### ..


You could see a two-headed ogre.

Vanquished Creatures
  Sigmund (D:2)
  A water moccasin (D:5)
  2 black bears (D:6)
  2 ogres (D:5)
  A gnoll sergeant (D:6)
  3 necrophages
  A scorpion (D:5)
  A bullfrog (D:6)
  A hound (D:5)
  2 orc priests (D:5)
  3 iguanas
  An orc wizard (D:5)
  5 gnolls (D:6)
  4 adders
  2 river rats (D:4)
  3 worms
  3 dart slugs
  15 orcs
  4 ball pythons
  8 bats
  7 endoplasms
  15 goblins
  9 hobgoblins
  5 quokkas
  3 frilled lizards
  4 kobolds
  6 rats
112 creatures vanquished.

Notes
Turn   | Place    | Note
-------+----------+-------------------------------------------
     0 | D:1      | Ivernyr the Naga Ice Elementalist began the quest for the
                  | Orb.
     0 | D:1      | Reached XP level 1. HP: 15/15 MP: 3/3
   105 | D:1      | Reached XP level 2. HP: 24/24 MP: 3/5
   146 | D:1      | Found a faded altar of an unknown god.
   723 | D:2      | Reached skill level 1 in Fighting
   723 | D:2      | Reached XP level 3. HP: 27/31 MP: 4/6
   746 | D:2      | Learned a level 3 spell: Frozen Ramparts
   750 | D:2      | Learned a level 3 spell: Ozocubu's Armour
   851 | D:2      | Found a bloodstained altar of Trog.
  1222 | D:2      | Found Idihiuw's Magic Scroll Emporium.
  1402 | D:2      | Found Doem's Assorted Antiques.
  1554 | D:2      | Noticed Sigmund
  1571 | D:2      | Killed Sigmund
  1572 | D:2      | Reached XP level 4. HP: 15/39 MP: 0/9
  1572 | D:2      | Reached XP level 5. HP: 18/45 MP: 0/10
  2271 | D:3      | Reached XP level 6. HP: 52/52 MP: 9/11
  2320 | D:3      | Found a hide-covered altar of Uskayaw.
  2330 | D:3      | Found a blossoming altar of Fedhas.
  3213 | D:4      | Found an ornate altar of the Wu Jian Council.
  3385 | D:4      | Found a staircase to the Ecumenical Temple.
  3568 | D:4      | Found a glowing golden altar of the Shining One.
  3611 | D:4      | Found an iron altar of Okawaru.
  3728 | D:4      | Reached skill level 5 in Ice Magic
  4218 | D:5      | Entered Level 5 of the Dungeon
  4258 | D:5      | Reached XP level 7. HP: 59/61 MP: 11/13
  4780 | D:5      | Reached skill level 5 in Spellcasting
  5434 | D:5      | Reached XP level 8. HP: 68/72 MP: 2/16
  6009 | D:6      | Found a bloodstained altar of Trog.
  6085 | D:6      | Learned a level 4 spell: Hailstorm
  6119 | D:6      | Found a sacrificial altar of Ru.
  6181 | D:6      | Noticed a two-headed ogre
  6189 | D:6      | Mangled by a two-headed ogre

Illustrated notes

Levels and vault maps discovered:
D:1:      wander_arrival_desolate, layout_rooms,
          chequers_ecumenical_altar_simple
D:2:      minmay_door_path, layout_loops_ring, basic_altar, serial_shops,
          nicolae_shop_overgrown_old_shop, nicolae_shop_trees, uniq_sigmund
D:3:      cheibrodos_greedy_goblins, layout_loops_corners,
          mainiacjoe_overflow_large_starburst
D:4:      layout_gridville, nzn_wu_jian_contemplation, okawaru_gym_becter,
          general_overflow_altar, minmay_temple_entry_from_below_a,
          gup_sewer_entry_bowl, chequers_serial_rivers_small_b
D:5:      layout_gridville
D:6:      layout_loops_cross, lemuel_round_altar, lemuel_crystal_altar

Skill      XL: |  1  2  3  4  5  6  7  8 |
---------------+-------------------------+-----
Fighting       | 1 2 3 4 |  4.3
Dodging        | 2 3 4 |  4.0
Spellcasting   | 3 4 5 6 |  6.3
Ice Magic      | 5 6 |  6.1
Stealth        | |  3.0

Action                   |  1- 3 |  4- 6 |  7- 9 || total
-------------------------+-------+-------+-------++-------
Melee: Unarmed           |     8 |       |       ||     8
       Whip              |     2 |     7 |     3 ||    12
       Broad axe         |       |       |     4 ||     4
 Cast: Freeze            |    51 |    58 |    62 ||   171
       Frozen Ramparts   |     1 |     1 |    11 ||    13
       Ozocubu's Armour  |       |     1 |     4 ||     5
 Abil: Spit Poison       |    15 |    20 |    14 ||    49
Armor: Robe              |    18 |    10 |    18 ||    46
Dodge: Dodged            |    32 |    27 |    39 ||    98
